 Dungeon Crawl Stone Soup version bcrawl-1.13.4 (webtiles) character file.

Game seed: 2923517132146938914

1758 Felnil the Thrower (level 8, 0/44 HPs)
             Began as a Skeleton Hunter on Aug 19, 2019.
             Slain by Rwicked2's ghost (13 damage)
             ... on level 6 of the Dungeon.
             The game lasted 00:16:37 (4037 turns).

Felnil the Thrower (Skeleton Hunter)                Turns: 4037, Time: 00:16:38

Health: 0/44       AC: 25    Str: 18    XL:     8   Next: 79%
Magic:  0/8        EV:  3    Int: 14    God:
Gold:   266        SH:  2    Dex: 11    Spells: 7/7 levels left

rFire    . . .     SeeInvis +   o - +4 quarterstaff (chaos)
rCold    + . .     Gourm    .   (shield currently unavailable)
rNeg     + + +     Faith    .   s - +8 orange crystal plate armour {Archmagi, Int+3 Clar}
rPois    ∞         Spirit   +   (no helmet)
rElec    .         Reflect  +   p - +1 cloak {MR+}
rCorr    .         Harm     .   m - +0 pair of gloves
MR       ++...     Clarity  +   (no boots)
Stlth    ..........             l - +2 amulet of reflection
HPRegen  0.14/turn              j - ring of wizardry
MPRegen  0.11/turn              u - ring of see invisible

@: no status effects
A: no food or potions, cold resistance 1, deterioration 1, negative energy
resistance 3, powered by death 1, torment resistance, unbreathing, magic shield,
sturdy frame 1, spell healing
a: no special abilities


You were on level 6 of the Dungeon.
You were not hungry.

You visited 1 branch of the dungeon, and saw 6 of its levels.

You collected 266 gold pieces.

Inventory:

Hand Weapons
 n - a +2 scythe of venom
 o - a +4 quarterstaff of chaos (weapon)
Armour
 a - a +0 troll leather armour {Purgy}
 c - the +8 chain mail of the Desert {rC++}
   (You found it on level 5 of the Dungeon)

   It greatly protects you from cold.
 m - a +0 pair of gloves (worn)
 p - a +1 cloak of magic resistance (worn)
 s - the +8 orange crystal plate armour (worn) {Archmagi, Int+3 Clar}
   (You found it on level 5 of the Dungeon)

   It affects your intelligence (+3).
   It protects you against confusion.
Jewellery
 f - an uncursed amulet of magic regeneration
 j - a ring of wizardry (left hand)
 l - a +2 amulet of reflection (around neck)
 u - a ring of see invisible (right hand)
Wands
 q - a wand of iceblast (7)
Scrolls
 b - a scroll of fog
 e - a scroll of magic mapping {unknown}
 g - 3 scrolls of teleportation
 h - 2 scrolls of remove curse
 i - a scroll of amnesia
 r - 2 scrolls of fear {unknown}
 t - a scroll of enchant armour {unknown}


   Skills:
 - Level 2.0 Fighting
 + Level 10.9 Throwing
 - Level 2.0 Dodging
 - Level 1.2 Stealth


You had 7 spell levels left.
You didn't know any spells.
Your spell library was empty.

Dungeon Overview and Level Annotations

Branches:
Dungeon (6/12)
 Temple: D:4-7

Altars:
Nemelex Xobeh
Sif Muna
Vehumet
The Shining One

Annotations:
D:6 Rwicked2's ghost, novice MiAc


Innate Abilities, Weirdness & Mutations

You do not eat or drink.
You are immune to poison.
Your flesh is cold resistant. (rC+)
Your body sometimes deteriorates upon taking damage.
You are immune to negative energy. (rN+++)
You regenerate a little health from kills.
You are immune to unholy pain and torment.
You can survive without breathing.
When hurt, damage is shared between your health and your magic reserves.
Your movements are slightly less encumbered by armour. (ER -2)
Casting spells heals you.


Message History

Rwicked2's ghost hits you.
* * * LOW HITPOINT WARNING * * *
x2 Rwicked2's ghost hits you but does no damage.
You barely miss Rwicked2's ghost.
Rwicked2's ghost is moderately damaged.
Rwicked2's ghost hits you but does no damage.
Your orange crystal plate armour prevents you from hitting Rwicked2's ghost.
Rwicked2's ghost is moderately damaged.
Rwicked2's ghost hits you but does no damage.
You hit Rwicked2's ghost but do no damage.
Rwicked2's ghost looks sleepy for a second.
Rwicked2's ghost is moderately damaged.
Rwicked2's ghost hits you but does no damage. x2
You hit Rwicked2's ghost.
Rwicked2's ghost is moderately damaged.
Rwicked2's ghost hits you but does no damage.
You closely miss Rwicked2's ghost.
Rwicked2's ghost is moderately damaged.
Rwicked2's ghost hits you!
You die... ..###.##########.##.# #.#.....
PP #.##.# #.#...## P.. #.##.# #.#...# hPP

#.##.# #.#..># .P #
#####.##.# #.#...# $
##. #.8.#..#.#
#.#.(.# ....
#$}.#..#.###.#>###
#...##W##..#.##..#.#
#...@.#..#.##.##.#
##............##.#
######.########.#
#..........#
############


You could see Rwicked2's ghost.

Vanquished Creatures
  3 trolls
  Sigmund (D:3)
  An orc warrior (D:6)
  A sky beast (D:5)
  Purgy (D:3)
  An ogre (D:4)
  A centaur (D:4)
  A big kobold (D:5)
  2 crimson imps (D:4)
  Crazy Yiuf (D:3)
  A bullfrog skeleton (D:5)
  2 orc priests
  2 orc wizards
  2 worker ants
  A hound skeleton (D:4)
  A worker ant zombie (D:5)
  A howler monkey skeleton (D:4)
  4 adders
  A shadow imp (D:5)
  A white imp (D:5)
  2 oozes
  An adder skeleton (D:5)
  An adder zombie (D:5)
  A worm (D:2)
  2 dart slugs (D:2)
  7 orcs
  3 bats
  4 giant cockroaches
  4 hobgoblins
  4 quokkas
  3 frilled lizards
  5 goblins
  5 kobolds (D:5)
  3 rats
74 creatures vanquished.

Vanquished Creatures (others)
  4 toadstools (D:1)
  2 withered plants (D:6)
6 creatures vanquished.

Grand Total: 80 creatures vanquished

Notes
Turn   | Place    | Note
-------+----------+-------------------------------------------
     0 | D:1      | Felnil the Skeleton Hunter began the quest for the Orb.
     0 | D:1      | Reached XP level 1. HP: 12/12 MP: 1/1
   280 | D:1      | Reached skill level 4 in Throwing
   281 | D:1      | Reached XP level 2. HP: 17/17 MP: 2/2
   826 | D:2      | Reached XP level 3. HP: 21/21 MP: 3/3
   994 | D:2      | Found a sparkling altar of Nemelex Xobeh.
  1125 | D:3      | Noticed Sigmund
  1132 | D:3      | Killed Sigmund
  1132 | D:3      | Reached skill level 6 in Throwing
  1132 | D:3      | Reached XP level 4. HP: 23/26 MP: 4/4
  1132 | D:3      | Reached XP level 5. HP: 26/30 MP: 5/5
  1156 | D:3      | Noticed Purgy
  1168 | D:3      | Killed Purgy
  1168 | D:3      | Gained mutation: You regenerate a little health from kills.
                  | [Skeleton growth]
  1168 | D:3      | Reached XP level 6. HP: 18/35 MP: 2/6
  1568 | D:3      | Found a runed door.
  1638 | D:3      | Noticed Crazy Yiuf
  1643 | D:3      | Killed Crazy Yiuf
  1706 | D:4      | Reached skill level 7 in Throwing
  1724 | D:4      | Found a radiant altar of Vehumet.
  1905 | D:4      | Reached XP level 7. HP: 40/40 MP: 7/7
  1961 | D:4      | Reached skill level 8 in Throwing
  2320 | D:5      | Entered Level 5 of the Dungeon
  2320 | D:5      | Noticed a troll
  2327 | D:5      | Killed a troll
  2337 | D:5      | Reached skill level 9 in Throwing
  2462 | D:5      | Found a glowing golden altar of the Shining One.
  2464 | D:5      | Found a deep blue altar of Sif Muna.
  2499 | D:5      | Reached XP level 8. HP: 44/44 MP: 8/8
  2543 | D:5      | Found the +8 orange crystal plate armour {Archmagi, Int+3
                  | Clar}
  2544 | D:5      | Noticed a troll
  2554 | D:5      | HP: 2/44 [troll (3)]
  2557 | D:5      | Killed a troll
  2878 | D:5      | Got a jewelled chain mail
  2879 | D:5      | Identified the +8 chain mail of the Desert {rC++} (You
                  | found it on level 5 of the Dungeon)
  3322 | D:5      | Reached skill level 10 in Throwing
  3681 | D:6      | Found a runed translucent door.
  3682 | D:6      | Noticed Rwicked2's ghost (novice MiAc)
  3720 | D:6      | Noticed a troll
  3736 | D:6      | HP: 2/44 [troll (3)]
  3737 | D:6      | Killed a troll
  4037 | D:6      | Slain by Rwicked2's ghost

Skill      XL: |  1  2  3  4  5  6  7  8 |
---------------+-------------------------+-----
Throwing       | 4 6 7 9 10 | 10.9
Fighting       | |  2.0
Dodging        | |  2.0
Stealth        | |  1.2

Action                   |  1- 3 |  4- 6 |  7- 9 || total
-------------------------+-------+-------+-------++-------
Melee: Short sword       |       |     3 |       ||     3
       Scythe            |       |     1 |       ||     1
       Quarterstaff      |       |       |    67 ||    67
Throw: Javelin           |    50 |    56 |    74 ||   180
       Throwing net      |       |       |     2 ||     2
Evoke: Wand              |       |       |     2 ||     2
  Use: Scroll            |       |     9 |     3 ||    12
 Stab: Confused          |       |       |     1 ||     1
       Held in net/web   |       |       |     1 ||     1
Armor: Ring mail         |     3 |    16 |       ||    19
       Troll leather arm |       |     1 |     6 ||     7
       Crystal plate arm |       |       |    67 ||    67
Dodge: Dodged            |    10 |    11 |    14 ||    35
Block: Other             |       |       |     8 ||     8
